Map: King Sejong Station LE

Players

llllllllllll - Winner!

  • Race: Zerg Zerg
  • League: Grandmaster

IIIIIIIIIIII

  • Race: Protoss Protoss
  • League: Master

VOD

Have the link to the VOD?

Description

Time

  • Played on: Oct. 27, 2016, 2:15 p.m.
  • Length: 9:38
Show
View Real Time Build Order
Export as new Build Order

llllllllllll Zerg - Winner!

Build Orders: Hatch First 

Get SALT Encoding   

  12  0:01  Drone  
  13  0:12  Overlord  
  13  0:17  Drone  
  14  0:31  Drone x2  
  16  0:49  Unknown, Hatchery  
  15  0:51  Drone  
  15  0:55  Drone  
  17  0:59  Drone  
  18  1:09  Extractor, Drone  
  18  1:18  Drone  
  19  1:21  Spawning Pool  
  18  1:28  Drone  
  19  1:41  Overlord  
  19  1:50  Drone  
  20  2:01  Unknown, Drone x2  
  20  2:07  Queen x2  
  26  2:12  Zergling x2  
  26  2:13  Metabolic Boost, Zergling x2  
  28  2:24  Drone x2  
  30  2:32  Drone  
  30  2:35  Drone  
  32  2:44  Unknown, Hatchery  
  32  2:45  Drone  
  32  2:50  Overlord  
  32  2:54  Zergling x2  
  33  2:58  Zergling x2  
  33  3:02  Pneumatized Carapace  
  34  3:06  Drone  
  34  3:07  Drone  
  36  3:17  Drone x2  
  36  3:18  Drone x2  
  40  3:22  Overlord  
  40  3:24  Overlord x2  
  40  3:41  Queen, Drone  
  42  3:42  Drone x2  
  42  3:43  Drone  
  42  3:45  Drone  
  47  3:54  Evolution Chamber  
  47  3:55  Unknown, Drone x2  
  48  3:56  Baneling Nest  
  48  4:00  Drone x4  
  51  4:10  Overlord  
  51  4:12  Drone x2  
  51  4:16  Queen  
  55  4:17  Overlord  
  55  4:19  Overlord  
  55  4:22  Drone  
  55  4:23  Drone x2  
  58  4:27  Overlord  
  58  4:29  Drone x3  
  61  4:35  Queen  
  63  4:38  Drone  
  63  4:39  Drone x2  
  66  4:47  Lair  
  66  4:58  Drone x2  
  66  4:59  Drone  
  69  5:00  Queen  
  69  5:01  Unknown, Hatchery  
  69  5:05  Zergling x14  
  77  5:10  Zergling x2  
  77  5:11  Zergling x6  
  77  5:13  Overlord  
  80  5:15  Drone  
  81  5:23  Zergling x8  
  81  5:27  Queen  
  86  5:32  Drone x2  
  86  5:33  Drone x6  
  86  5:35  Extractor x2  
  92  5:39  Extractor, Queen, Drone x2  
  92  5:41  Extractor  
  94  5:42  Extractor  
  94  5:44  Overlord  
  94  5:47  Drone  
  94  5:52  Drone  
  94  5:53  Drone x4  
  93  5:57  Drone  
  93  6:01  Drone  
  93  6:02  Drone x5  
  96  6:09  Queen x2  
  96  6:10  Spire  
  96  6:13  Unknown  
  96  6:15  Spore Crawler  
  96  6:17  Spore Crawler  
  94  6:20  Queen, Drone x2  
  94  6:24  Drone x2  
  94  6:25  Drone  
  101  6:27  Drone x2  
  101  6:28  Spore Crawler  
  101  6:31  Overseer, Overlord  
  102  6:34  Zergling x14  
  102  6:36  Overlord  
  109  6:40  Overlord  
  109  6:42  Zerg Melee Weapons Level 1  
  109  6:46  Extractor x2  
  107  6:49  Drone x4  
  107  6:51  Overlord, Drone x3  
  114  6:59  Unknown, Hatchery  
  113  7:10  Drone x3  
  116  7:21  Mutalisk x9  
  133  7:23  Mutalisk x2  
  133  7:26  Zergling x4  
  133  7:28  Overlord x3  
  136  7:36  Extractor  
  135  7:38  Zerg Flyer Armor Level 1  
  135  7:39  Baneling  
  135  7:40  Extractor, Baneling x3  
  135  7:43  Mutalisk  
  136  7:47  Zergling x14  
  136  7:48  Zergling x8  
  147  7:52  Zergling x8  
  147  7:54  Mutalisk x2  
  147  7:56  Mutalisk  
  157  8:01  Drone  
  157  8:02  Drone x2  
  157  8:03  Overlord  
  160  8:08  Overlord  
  160  8:10  Unknown  
  160  8:14  Mutalisk x3  
  166  8:25  Mutalisk x4  
  166  8:28  Overlord  
  166  8:31  Zergling x20  
  161  8:45  Corruptor  
  161  8:46  Corruptor x4  
  168  8:54  Zergling x20  
  160  9:07  Corruptor x5  
  162  9:12  Drone x2  
  162  9:13  Drone  
Show
View Real Time Build Order
Export as new Build Order

IIIIIIIIIIII Protoss 

Build Orders: 1 Gate Expand 

Get SALT Encoding   

  12  0:00  Probe (Chrono Boost)  
  13  0:11  Probe (Chrono Boost)  
  14  0:18  Pylon  
  14  0:22  Probe (Chrono Boost)  
  15  0:36  Probe (Chrono Boost)  
  15  0:39  Gateway  
  16  0:46  Assimilator  
  16  0:47  Probe (Chrono Boost)  
  17  0:57  Probe (Chrono Boost)  
  18  1:08  Probe (Chrono Boost)  
  20  1:18  Probe (Chrono Boost)  
  20  1:26  Nexus, Unknown  
  20  1:37  Cybernetics Core  
  20  1:41  Probe (Chrono Boost)  
  21  1:47  Assimilator  
  21  1:51  Probe (Chrono Boost)  
  22  1:56  Pylon  
  22  2:02  Probe (Chrono Boost)  
  23  2:14  Stalker, Warp Gate  
  25  2:19  Mothership Core (Chrono Boost)  
  27  2:27  Pylon  
  27  2:37  Probe (Chrono Boost), Unknown  
  27  2:39  Probe (Chrono Boost)  
  27  2:43  Adept  
  29  2:48  Probe (Chrono Boost)  
  29  2:50  Probe (Chrono Boost)  
  33  2:59  Probe (Chrono Boost)  
  33  3:02  Probe (Chrono Boost)  
  35  3:07  Sentry  
  35  3:09  Probe (Chrono Boost)  
  39  3:14  Probe (Chrono Boost)  
  40  3:20  Probe (Chrono Boost)  
  40  3:26  Probe (Chrono Boost)  
  41  3:29  Pylon  
  41  3:30  Probe (Chrono Boost)  
  42  3:37  Stargate  
  42  3:38  Probe (Chrono Boost), Stargate  
  43  3:42  Probe (Chrono Boost)  
  43  3:46  Assimilator  
  44  3:49  Probe (Chrono Boost)  
  44  3:50  Assimilator  
  44  3:52  Probe (Chrono Boost)  
  46  3:57  Pylon  
  46  4:08  Probe x2 (Chrono Boost)  
  48  4:18  Probe (Chrono Boost)  
  48  4:19  Void Ray x2  
  57  4:28  Probe (Chrono Boost)  
  57  4:30  Probe (Chrono Boost)  
  59  4:32  Forge  
  60  4:40  Probe (Chrono Boost), Pylon  
  60  4:42  Probe (Chrono Boost)  
  61  4:52  Probe (Chrono Boost)  
  62  4:57  Nexus, Unknown  
  62  4:59  Pylon  
  62  5:02  Pylon  
  61  5:09  Void Ray x2  
  61  5:16  Protoss Air Weapons Level 1  
  70  5:23  Probe (Chrono Boost)  
  71  5:29  Probe (Chrono Boost)  
  71  5:33  Pylon  
  71  5:35  Pylon  
  71  5:40  Probe (Chrono Boost)  
  71  5:41  Probe (Chrono Boost)  
  73  5:46  Void Ray  
  73  5:47  Pylon  
  73  5:51  Void Ray  
  73  5:52  Probe (Chrono Boost)  
  81  6:05  Pylon  
  81  6:07  Pylon  
  81  6:08  Unknown, Pylon  
  82  6:11  Probe (Chrono Boost)  
  82  6:14  Probe (Chrono Boost)  
  82  6:15  Probe (Chrono Boost)  
  82  6:17  Fleet Beacon  
  84  6:20  Stargate  
  84  6:24  Pylon  
  85  6:27  Probe (Chrono Boost)  
  85  6:28  Probe (Chrono Boost), Pylon  
  85  6:29  Probe (Chrono Boost)  
  87  6:36  Pylon  
  87  6:39  Probe (Chrono Boost)  
  88  6:40  Probe (Chrono Boost), Pylon  
  88  6:42  Probe (Chrono Boost)  
  90  6:50  Probe (Chrono Boost), Carrier  
  90  6:51  Probe (Chrono Boost), Photon Cannon  
  93  6:55  Assimilator  
  93  6:56  Probe (Chrono Boost)  
  93  6:57  Carrier  
  93  7:01  Assimilator  
  93  7:03  Probe (Chrono Boost)  
  93  7:04  Unknown  
  106  7:17  Carrier  
  106  7:20  Probe (Chrono Boost)  
  113  7:25  Probe (Chrono Boost)  
  114  7:31  Graviton Catapult, Gateway  
  114  7:32  Photon Cannon  
  114  7:33  Probe (Chrono Boost)  
  114  7:35  Probe (Chrono Boost)  
  117  7:37  Probe (Chrono Boost)  
  117  7:43  Stargate  
  117  7:50  Probe (Chrono Boost)  
  118  7:51  Photon Cannon  
  118  7:54  Photon Cannon  
  119  8:06  Probe x2 (Chrono Boost)  
  119  8:07  Probe (Chrono Boost)  
  116  8:40  Probe (Chrono Boost)  
  104  8:58  Phoenix  
  117  9:12  Probe (Chrono Boost)  
  116  9:29  Pylon  
  116  9:31  Pylon x2  
Tags
 
Add a new tag
Caveats
  • Supply blocks, unpowered buildings, or Contaminate may cause inaccurate times.
  • Supply counts are checked every 10 seconds.